 Dungeon Crawl Stone Soup version 0.25-a0-578-gc91f01c (webtiles) character file.

Game seed: 7078817516122980805, levelgen mode: deterministic

49 Faels the Slasher (level 3, -2/29 HPs)
             Began as a Demonspawn Fighter on Mar 3, 2020.
             Slain by Purgy (5 damage)
             ... in a sewer.
             The game lasted 00:05:13 (1611 turns).

Faels the Slasher (Demonspawn Fighter)              Turns: 1611, Time: 00:05:14

Health: -2/29      AC:  8    Str: 16    XL:     3   Next: 51%
Magic:  3/3        EV:  4    Int:  9    God:
Gold:   94         SH:  8    Dex: 13    Spells: 2/2 levels left

rFire    . . .     SeeInvis .   a - +0 long sword
rCold    . . .     Gourm    .   c - +0 kite shield
rNeg     . . .     Faith    .   r - +0 chain mail (curse)
rPois    .         Spirit   .   (no helmet)
rElec    .         Reflect  .   (no cloak)
rCorr    .         Harm     .   (no gloves)
MR       .....                  (no boots)
Stlth    ..........             (no amulet)
HPRegen  0.09/turn              (no ring)
MPRegen  0.08/turn              (no ring)

@: mighty
A: claws 1
a: no special abilities


You were in a sewer.
You were hungry.

You visited 1 branch of the dungeon, and saw 3 of its levels.
You also visited: Sewer.

You collected 94 gold pieces.

Inventory:

Hand Weapons
 a - a +0 long sword (weapon)
 g - a +0 dagger
 k - a cursed +0 short sword
 m - a +2 vorpal spear
 p - a +0 fustibalus of freezing
Armour
 b - a +0 scale mail
 c - a +0 kite shield (worn)
 r - a cursed +0 chain mail (worn)
Scrolls
 e - a scroll of enchant weapon {unknown}
 i - a scroll of identify {unknown}
 l - a scroll of remove curse {unknown}
 n - a scroll of blinking {unknown}
 q - a scroll of teleportation {unknown}
 s - a scroll of immolation {unknown}
Potions
 d - 2 potions of might
 h - a potion of invisibility {unknown}
 j - a potion of heal wounds {unknown}
 o - a potion of haste {unknown}
 t - 2 potions of stabbing {unknown}
 u - 2 potions of mutation {unknown}
Comestibles
 f - 5 rations


   Skills:
 - Level 3.0 Fighting
 * Level 3.5 Long Blades
 - Level 2.6 Armour
 + Level 0.2 Dodging
 - Level 2.6 Shields


You had 2 spell levels left.
You didn't know any spells.
Your spell library was empty.

Dungeon Overview and Level Annotations

Branches:
Dungeon (2/15)              Sewer (1/1)

Altars:
Dithmenos

Annotations:
Sewer Purgy


Innate Abilities, Weirdness & Mutations

You have sharp fingernails.


Message History

Purgy claws you but does no damage.
You slash Purgy!
Purgy is severely wounded.
Purgy bites you. Purgy claws you but does no damage. x2
You slash Purgy!
Purgy is almost dead.
Purgy bites you. You block Purgy's attack. x2
You miss Purgy.
Purgy is almost dead.
Purgy bites you but does no damage. You block Purgy's attack.
Purgy claws you but does no damage.
Your chain mail prevents you from hitting Purgy.
Purgy is almost dead.
You are feeling hungry.
Purgy bites you.
* * * LOW HITPOINT WARNING * * *
Purgy barely misses you. Purgy claws you.
* * * LOW HITPOINT WARNING * * *
Purgy bites you.
You die...

+.≈≈≈.'..#
#.≈≈≈.####
####.≈≈≈.####
#∩....∩..'..#
####.≈≈≈.####
####.≈≈≈.####
#..'.≈≈≈.)..#
####.≈≈≈.####
#@≈≈≈.####
#..T.≈≈≈.'..#
####.≈≈≈.####
#.≈≈≈.####
+.≈≈≈.)..#
##########
#≈≈≈# #≈≈≈#
#≈≈≈


You could see Purgy.

Vanquished Creatures
  2 worms
  A dart slug (D:2)
  A leopard gecko (D:2)
  2 giant cockroaches
  7 goblins
  3 hobgoblins (D:2)
  A quokka (D:4)
  4 bats
  3 frilled lizards
  10 kobolds
  5 rats
39 creatures vanquished.

Notes
Turn   | Place    | Note
-------+----------+-------------------------------------------
     0 | D:1      | Faels the Demonspawn Fighter began the quest for the Orb.
     0 | D:1      | Reached XP level 1. HP: 18/18 MP: 1/1
   144 | D:1      | Gained mutation: You have sharp fingernails. [demonic
                  | ancestry]
   144 | D:1      | Reached XP level 2. HP: 24/24 MP: 2/2
   814 | D:2      | Found a shadowy altar of Dithmenos.
   879 | D:2      | Reached XP level 3. HP: 29/29 MP: 3/3
  1319 | D:2      | You fall into a shaft and drop 2 floors!
  1319 | D:4      | Found a glowing drain.
  1370 | Sewer    | Entered a sewer
  1601 | Sewer    | Noticed Purgy
  1611 | Sewer    | Slain by Purgy

Levels and vault maps discovered:
D:1:      matt_arrival_spirals, layout_rooms
D:2:      layout_basic, first_ration, chequers_ecumenical_altar_simple_redux,
          lemuel_statue_altar
D:4:      layout_loops_ring, cheibrodos_sewer_entry_drain
Sewer:    kennysheep_door_sewer

Skill      XL: |  1  2 |
---------------+-------+-----
Long Blades    | 2 3 |  3.5
Fighting       | |  3.0
Armour         | |  2.6
Dodging        | |  0.2
Shields        | |  2.6

Action                   || total
-------------------------++-------
Melee: Long sword        ||   131
  Use: Potion            ||     1
  Eat: Chunk             ||     2
Armor: Scale mail        ||    42
       Chain mail        ||    22
Dodge: Dodged            ||    41
Block: Kite shield       ||    66
       Rpst.: Long sword ||    11

Table legend:
 A = Non-vault XP
 B = Vault XP
 C = Vault XP percentage of total XP
 D = Non-vault monster count
 E = Vault monster count
 F = Vault count percentage of total count
                 A         B        C        D         E       F
            +---------+---------+-------+---------+---------+-------
      Total |      61 |       9 |  12.9 |      35 |       4 |  10.3
            +---------+---------+-------+---------+---------+-------
        D:1 |      24 |       0 |   0.0 |      17 |       0 |   0.0
        D:2 |      35 |       0 |   0.0 |      17 |       0 |   0.0
        D:4 |       2 |       7 |  77.8 |       1 |       2 |  66.7
      Sewer |       0 |       2 | 100.0 |       0 |       2 | 100.0
            +---------+---------+-------+---------+---------+-------
